AoeStats
← Gurken Freund Gert Gumpisch

Arena

509355376Analyzed
1v1 RM · 4d ago on Sep 26, 2026· 25m 52s· 2 players
Game mode
Random Map
Map size
Tiny (2 player)
Population
200
Speed
Normal
Resources
Standard
Victory
Conquest
Starting age
Dark Age
Ending age
Imperial Age
RankedLock teamsTeams togetherTeam positionsShared explorationLock speedFull tech treeHidden civsTurbo modeCheats
Victory
Defeat
934
+14
🇧🇷 Turks · Brazil
895
-14
marcioalffa
11:37 Feudal Age
16:46 Castle Age
14:34 Loom
15:04 Double-Bit Axe
15:37 Horse Collar
17:41 Heavy Plow
17:55 Bow Saw
21:07 Fletching
24:14 Padded Archer Armor
Gurken Freund Gert Gumpisch
10:07 Feudal Age
9:50 Loom
10:08 Loom
17:19 Castle Age
16:21 Double-Bit Axe
18:19 Wheelbarrow
19:51 Arson
21:52 Wheelbarrow
21:23 Horse Collar
23:03 Forging
26:22 Stone Mining
Connection lost

Rejoining the realm…

Still unreachable

The connection could not be restored.

Session expired

The server has moved on; the page needs a fresh start.